 Dungeon Crawl Stone Soup version 0.26.1-2-gb8aa6d0cf2 (webtiles) character file.

Game seed: 1845472922131798080

117754 Amplified the Fighter (level 17, -31/120 (123) HPs)
             Began as a Human Brigand on Mar 7, 2021.
             Was the Champion of Ru.
             Killed from afar by a deep elf mage (34 damage)
             ... with a bolt of lightning
             ... on level 1 of the Elven Halls on Mar 8, 2021.
             The game lasted 00:47:16 (35182 turns).

Amplified the Fighter (Human Brigand)              Turns: 35182, Time: 00:47:17

HP:   -31/120 (123) AC: 25    Str: 13    XL:     17   Next: 29%
MP:   17/17         EV: 28    Int: 10    God:    Ru [******]
Gold: 1864          SH: 27    Dex: 16    Spells: 14/16 levels left

rFire    . . .     SeeInvis .   B - +9 war axe "Irhoph" {elec, Stlth+}
rCold    . . .     Faith    .   R - +10 tower shield of Ignorance {rN+ Int-4}
rNeg     + . .     Spirit   .   g - +5 ring mail {Will+}
rPois    +         Reflect  .   p - +2 helmet
rElec    .         Harm     .   H - +1 cloak
rCorr    .         Rampage  .   C - +0 pair of gloves
Will     +....                  i - +2 pair of boots
Stlth    ++++......             v - amulet of the acrobat
HPRegen  0.30/turn              m - ring of poison resistance
MPRegen  0.15/turn              y - +4 ring of protection

@: acrobat, lightly drained
A: clumsy 1, frail 1, sense surroundings 1, hated by all, weak-willed 1,
unskilled 1
a: Renounce Religion, Draw Out Power, Power Leap, Apocalypse


You were on level 1 of the Elven Halls.
You worshipped Ru.
Ru was exalted by your worship.
You visited 4 branches of the dungeon, and saw 24 of its levels.
You also visited: Ice Cave.

You collected 2826 gold pieces.
You spent 962 gold pieces at shops.

Inventory:

Hand Weapons
 a - a +2 dagger of electrocution
 f - a +1 broad axe
 B - the +9 war axe "Irhoph" (weapon) {elec, Stlth+}
   (You found it on level 7 of the Dungeon)

   Occasionally, upon striking a foe, it can discharge electrical energy and
   cause terrible harm.
   It makes you more stealthy.
Missiles
 d - 90 poisoned darts (quivered)
 e - 5 curare-tipped darts
Armour
 g - a +5 ring mail of willpower (worn)
 i - a +2 pair of boots (worn)
 p - a +2 helmet (worn)
 C - a +0 pair of gloves (worn)
 H - a +1 cloak (worn)
 R - the +10 tower shield of Ignorance (worn) {rN+ Int-4}
   (You found it on level 2 of the Lair of Beasts)

   It affects your intelligence (-4).
   It protects you from negative energy.
Jewellery
 j - an uncursed ring of positive energy
 m - a ring of poison resistance (left hand)
 v - an amulet of the acrobat (around neck)
 y - a +4 ring of protection (right hand)
 M - an uncursed ring of willpower
Wands
 t - a wand of disintegration (11)
 u - a wand of random effects (32)
 A - a wand of iceblast (19)
 D - a wand of flame (8)
 O - a wand of polymorph (1)
 Y - a wand of enslavement (21)
Scrolls
 b - 7 scrolls of teleportation
 c - 2 scrolls of fear
 l - 5 scrolls of fog
 n - 11 scrolls of remove curse
 o - a scroll of holy word
 s - 3 scrolls of magic mapping
 z - 4 scrolls of summoning
 F - 4 scrolls of amnesia
 P - 2 scrolls of identify
Potions
 h - 3 potions of cancellation
 k - a potion of invisibility
 q - 4 potions of curing
 r - a potion of flight
 w - a potion of might
 x - 2 potions of haste
 G - 6 potions of ambrosia
 I - a potion of mutation
 J - 3 potions of magic
 K - 3 potions of lignification
 L - 2 potions of brilliance
 N - 4 potions of attraction
 Q - 3 potions of heal wounds
 Z - 2 potions of resistance
Miscellaneous
 S - a phial of floods


   Skills:
 + Level 13.2 Fighting
 - Level 1.7 Short Blades
 + Level 12.2 Axes
 - Level 1.7 Throwing
 - Level 7.2 Armour
 - Level 7.5 Dodging
 - Level 6.9 Stealth
 * Level 12.2 Shields
 - Level 6.6 Hexes
 - Level 10.0 Evocations


You had 14 spell levels left.
You knew the following spells:

 Your Spells              Type           Power        Failure   Level
a - Corona                Hex            14%          26%         1
b - Apportation           Tloc           0%           98%         1

Your spell library contained the following spells:

 Spells                   Type           Power        Failure   Level
 Confusing Touch          Hex            13%          61%         3
 Portal Projectile        Hex/Tloc       12%          97%         3
 Pain                     Necr           0%           98%         1
 Shock                    Conj/Air       0%           98%         1
 Sting                    Tmut/Pois      0%           98%         1
 Poisonous Vapours        Pois/Air       0%           99%         2
 Swiftness                Air            0%           99%         2
 Gell's Gravitas          Tloc           0%           100%        3
 Ignite Poison            Fire/Tmut/Pois 0%           100%        3
 Mephitic Cloud           Conj/Pois/Air  0%           100%        3
 Static Discharge         Conj/Air       0%           100%        3
 Vampiric Draining        Necr           0%           100%        3
 Airstrike                Air            0%           100%        4
 Olgreb's Toxic Radiance  Pois           0%           100%        4
 Petrify                  Tmut/Erth      0%           100%        4
 Agony                    Necr           0%           100%        5
 Lightning Bolt           Conj/Air       0%           100%        5
 Metabolic Englaciation   Hex/Ice        3%           100%        5
 Yara's Violent Unravell  Hex/Tmut       3%           100%        5
 Dispersal                Tloc           0%           100%        6
 Disjunction              Tloc           0%           100%        8
 Animate Skeleton         Necr           Unusable     N/A         1
 Summon Small Mammal      Summ           Unusable     N/A         1
 Animate Dead             Necr           Unusable     N/A         4

Dungeon Overview and Level Annotations

Branches:
Dungeon (15/15)            Temple (0/1) D:4            Lair (6/6) D:9
 Shoals (0/4) Lair:2        Snake (0/4) Lair:2        Slime (0/5) Lair:6
    Orc (2/2) D:12            Elf (1/3) Orc:2        Vaults (0/5) D:14
 Depths (0/5) D:15          IceCv (visited)

Altars:
Ashenzari
Cheibriados
Dithmenos
Elyvilon
Fedhas
Gozag
Kikubaaqudgha
Makhleb
Nemelex Xobeh
Okawaru
Ru
Trog
Vehumet
Wu Jian
Xom
The Shining One
Jiyva

Shops:
D:9 *   D:15 ?   Orc:2 :*[(

Annotations:
Lair:6 exclusion: 2 oklob plants


Innate Abilities, Weirdness & Mutations

You are frail. (-10% HP)
You are hated by all.
You are slightly weak-willed. (Will-)
You are somewhat unskilled. (-1 Apt)
You are clumsy. (Dex -2)
You passively map a small area around you.


Message History

The deep elf mage is heavily wounded.
The deep elf mage is stunned by your conviction and fails to attack.
You barely miss the deep elf mage.
The deep elf mage is heavily wounded.
The deep elf mage begins to cast a spell, but is stunned by your conviction!
The deep elf mage gestures wildly while chanting.
The deep elf mage blinks!
The deep elf mage gestures wildly while chanting.
The deep elf mage blinks!
There is a fountain of clear blue water here.
Found a rapier.
A deep elf mage is nearby!
A deep elf mage comes into view. It is wielding a +0 broad axe.
The deep elf mage shouts!
A deep elf mage is nearby!
The deep elf mage gestures at you while chanting.
The bolt of lightning hits you!!
* * * LOW HITPOINT WARNING * * *
The bolt of lightning hits you!!
You die...

* * .....##. , * ,
, +.......e. , *
*#...).....* # *
#.......#** .## ,
*#......## .... ,
#...#..##..# *
#'###....### * , *
#.#.@......#
#######.#.######.#
#....#.#.#
......., * ,,,
#.....# ..##.## *
* , * #.....# ##.
.# ,, #..⌠.e# *#.
# , #.....# *#. ,
##.....## .#
########'#######


You could see a deep elf mage.

Vanquished Creatures
  Kirke (D:12)
  Frances (D:12)
  A frost giant (IceCv)
  A deep elf sorcerer (Elf:1)
  An orc warlord (Orc:1)
  Nessos (Lair:6)
  2 crystal guardians (D:13)
  7 boulder beetles
  8 hydras
  A death knight (D:14)
  3 centaur warriors
  3 two-headed ogres
  2 dancing weapons (D:14)
  2 tengu warriors (D:14)
  2 death yaks
  4 orc high priests
  3 deep elf knights (Elf:1)
  4 skeletal warriors (D:14)
  2 unseen horrors
  Pikel (D:8)
  An orange crystal statue (D:13)
  4 orc knights
  9 deep elf magi (Elf:1)
  An orb spider (shapeshifter) (D:15)
  A wolf spider (D:15)
  13 ugly things
  4 orc sorcerers
  7 cyclopes
  A salamander (D:15)
  5 manticores
  5 elephants
  A merfolk siren (Lair:2)
  An ice statue (IceCv)
  A torpor snail (Lair:6)
  The ghost of ruda the Cleaver, a novice MiBe of Trog (D:5)
  9 cane toads
  A torpor snail (shapeshifter) (D:15)
  5 black mambas
  2 gargoyles
  Maggie (D:6)
  5 komodo dragons
  4 rime drakes
  3 freezing wraiths
  2 tengu conjurers (D:14)
  A queen bee (Orc:1)
  4 trolls
  18 polar bears
  A wolf spider simulacrum (D:12)
  11 hornets
  18 blink frogs
  A dream sheep (Lair:6)
  3 shadows
  21 spriggans
  3 water elementals (D:14)
  8 wyverns
  2 wraiths
  A vampire (D:10)
  85 yaks
  3 basilisks
  A human (D:9)
  Grum (D:8)
  A fire elemental (Elf:1)
  7 hogs
  6 wargs
  An acid dragon (D:15)
  18 water moccasins
  2 ice beasts
  3 sky beasts
  28 orc warriors
  A hornet zombie (D:14)
  5 phantoms
  14 ogres
  7 black bears
  9 boggarts
  46 wolves
  2 lemures (D:8)
  16 centaurs
  2 big kobolds
  A wyvern zombie (D:11)
  24 bullfrogs
  7 scorpions
  28 killer bees
  23 wights
  9 electric eels
  8 howler monkeys
  5 bullfrog zombies
  2 quasits
  22 orc priests
  4 centaur zombies
  6 hounds
  3 bullfrog skeletons
  4 centaur skeletons
  Natasha (thrice) (D:3)
  7 iguanas
  4 worker ants
  27 orc wizards
  A hound skeleton (D:4)
  A howler monkey skeleton (D:6)
  6 adders
  2 shadow imps (D:8)
  A white imp (D:8)
  2 ufetubi
  2 adder skeletons
  An adder zombie (D:6)
  2 worms
  4 leopard geckos
  86 orcs
  4 giant cockroaches
  13 goblins
  7 hobgoblins
  9 jackals
  A quokka (D:9)
  A ball python (D:1)
  8 bats
  5 frilled lizards
  A jackal skeleton (D:6)
  16 kobolds
  A leopard gecko skeleton (D:5)
  3 rats
851 creatures vanquished.

Vanquished Creatures (others)
  Erica (D:8)
  A tengu warrior (D:15)
  3 komodo dragons
  A polar bear (IceCv)
  A spriggan (Lair:6)
  A warg (Orc:1)
  An orc warrior (Orc:2)
  A black bear (Lair:6)
  A boggart (D:15)
  A wolf (Lair:6)
  A killer bee (D:11)
  A wight (D:12)
  A centaur zombie (D:7)
  A worker ant (D:6)
  A gnoll (D:5)
  An orc (D:6)
  38 fungi
  62 plants
  6 withered plants (D:8)
124 creatures vanquished.

Grand Total: 975 creatures vanquished

Notes
Turn   | Place    | Note
-------+----------+-------------------------------------------
     0 | D:1      | Amplified the Human Brigand began the quest for the Orb.
     0 | D:1      | Reached XP level 1. HP: 16/16 MP: 1/1
   280 | D:1      | Reached XP level 2. HP: 22/22 MP: 2/2
   535 | D:1      | Reached XP level 3. HP: 28/28 MP: 3/3
   951 | D:2      | Found a sacrificial altar of Ru.
   968 | D:2      | Became a worshipper of Ru the Awakened
  1014 | D:2      | Reached XP level 4. HP: 16/34 MP: 4/4
  1838 | D:3      | Reached skill level 3 in Fighting
  1889 | D:3      | Found a white marble altar of Elyvilon.
  2114 | D:3      | Noticed a centaur
  2128 | D:3      | Killed a centaur
  2129 | D:3      | Reached skill level 5 in Stealth
  2129 | D:3      | Reached XP level 5. HP: 19/41 MP: 5/5
  2441 | D:3      | Noticed Natasha
  2448 | D:4      | Found a staircase to the Ecumenical Temple.
  2463 | D:4      | Gained mutation: You are frail. (-10% HP) [Ru sacrifice]
  2463 | D:4      | Reached * piety under Ru
  2463 | D:4      | Reached ** piety under Ru
  2465 | D:4      | Noticed a phantom
  2591 | D:4      | Killed a phantom
  2592 | D:4      | Reached skill level 1 in Evocations
  2592 | D:4      | Reached XP level 6. HP: 30/43 MP: 6/6
  2695 | D:4      | Reached skill level 4 in Fighting
  3472 | D:3      | Killed Natasha
  3600 | D:3      | Found a sparkling altar of Nemelex Xobeh.
  3658 | D:3      | Noticed Natasha
  3670 | D:3      | Killed Natasha
  3671 | D:3      | Reached XP level 7. HP: 37/48 MP: 7/7
  3691 | D:3      | Noticed Natasha
  3703 | D:3      | Killed Natasha
  3947 | D:5      | Entered Level 5 of the Dungeon
  4201 | D:5      | Found an iron altar of Okawaru.
  5089 | D:5      | Reached XP level 8. HP: 14/54 MP: 8/8
  5463 | D:5      | Found a runed translucent door.
  5464 | D:5      | Noticed ruda's ghost (novice MiBe)
  5725 | D:6      | Reached skill level 5 in Fighting
  5975 | D:6      | Noticed Maggie
  6003 | D:6      | Learned a level 1 spell: Corona
  6188 | D:6      | Found an opulent altar of Gozag.
  6202 | D:6      | Reached skill level 5 in Dodging
  6229 | D:6      | Gained mutation: You are somewhat unskilled. (-1 Apt) [Ru
                  | sacrifice]
  6229 | D:6      | Reduced skill Fighting to level 4
  6229 | D:6      | Reduced skill Short Blades to level 1
  6229 | D:6      | Reduced skill Throwing to level 1
  6229 | D:6      | Reached *** piety under Ru
  6229 | D:6      | Reached **** piety under Ru
  6827 | D:6      | Reached skill level 5 in Fighting
  7301 | D:6      | Found a glowing golden altar of the Shining One.
  7486 | D:6      | Killed Maggie
  7487 | D:6      | Reached skill level 5 in Dodging
  7487 | D:6      | Reached XP level 9. HP: 19/61 MP: 9/9
  8066 | D:7      | Got a masterwork war axe
  8067 | D:7      | Identified the +9 war axe "Irhoph" {elec, Stlth+} (You
                  | found it on level 7 of the Dungeon)
  8238 | D:7      | Reached skill level 1 in Axes
  8456 | D:7      | Noticed a hornet
  8463 | D:7      | Killed a hornet
  8464 | D:7      | Reached skill level 1 in Armour
  8620 | D:8      | Reached skill level 6 in Fighting
  8813 | D:8      | Reached skill level 5 in Evocations
  8937 | D:8      | Noticed a hornet
  8968 | D:8      | Noticed Grum
  8970 | D:8      | Noticed a two-headed ogre
  8985 | D:8      | Reached XP level 10. HP: 41/69 MP: 10/10
  8987 | D:8      | Paralysed by a hornet for 2 turns
  9009 | D:8      | Paralysed by a hornet for 3 turns
  9281 | D:8      | Killed Grum
  9282 | D:8      | Found an ancient bone altar of Kikubaaqudgha.
  9632 | D:8      | Gained mutation: You are slightly weak-willed. (Will-) [Ru
                  | sacrifice]
  9632 | D:8      | Reached ***** piety under Ru
  9639 | D:8      | Found a shimmering altar of Xom.
  9640 | D:8      | Found a bloodstained altar of Trog.
  9642 | D:8      | Found a shadowy altar of Dithmenos.
  9642 | D:8      | Found a blossoming altar of Fedhas.
  9644 | D:8      | Found a radiant altar of Vehumet.
  9645 | D:8      | Found an ornate altar of the Wu Jian Council.
  9732 | D:8      | Noticed Erica
  9746 | D:8      | Killed Erica
  9747 | D:8      | Reached skill level 7 in Fighting
  9865 | D:8      | Noticed Pikel
  9876 | D:8      | Killed Pikel
 10352 | D:9      | Found a broken altar of Ashenzari.
 10632 | D:9      | Reached XP level 11. HP: 42/75 MP: 11/11
 10805 | D:9      | Noticed a two-headed ogre
 10830 | D:9      | Killed a two-headed ogre
 10831 | D:9      | Reached skill level 5 in Axes
 10831 | D:9      | Reached skill level 5 in Armour
 10994 | D:9      | Reached skill level 8 in Fighting
 11310 | D:9      | Found Vixifig's General Store.
 11320 | D:9      | Bought a scroll of teleportation for 33 gold pieces
 11320 | D:9      | Bought a scroll of magic mapping for 38 gold pieces
 11351 | D:9      | Found a staircase to the Lair.
 11828 | D:10     | Entered Level 10 of the Dungeon
 11882 | D:10     | Found a burning altar of Makhleb.
 12587 | D:10     | Found a glowing golden altar of the Shining One.
 12903 | D:11     | Reached skill level 1 in Hexes
 13432 | D:11     | Noticed a white ugly thing
 13445 | D:11     | Killed a white ugly thing
 13605 | D:11     | Noticed a two-headed ogre
 14035 | D:12     | Noticed a boulder beetle
 14045 | D:12     | Killed a boulder beetle
 14046 | D:12     | Reached XP level 12. HP: 72/84 MP: 12/12
 14178 | D:12     | Noticed a five-headed hydra
 14186 | D:12     | Killed a five-headed hydra
 14835 | D:11     | Reached skill level 9 in Fighting
 15487 | D:11     | Noticed a five-headed hydra
 15497 | D:11     | Killed a five-headed hydra
 15749 | D:12     | Noticed Kirke
 15768 | D:12     | Killed Kirke
 15781 | D:12     | Killed an unseen horror
 15930 | D:12     | Reached XP level 13. HP: 32/90 MP: 13/13
 16217 | D:12     | Noticed Frances
 16594 | Lair:1   | Entered Level 1 of the Lair of Beasts
 16960 | Lair:1   | Reached skill level 5 in Hexes
 18167 | Lair:2   | Found a frozen archway.
 18215 | IceCv    | Entered an ice cave
 18328 | IceCv    | Reached skill level 10 in Fighting
 19722 | IceCv    | Noticed a frost giant
 19774 | IceCv    | Killed a frost giant
 19775 | IceCv    | Reached XP level 14. HP: 64/99 MP: 14/14
 20107 | Lair:2   | Found a staircase to the Shoals.
 20519 | Lair:2   | Found the +10 tower shield of Ignorance {rN+ Int-4}
 20526 | Lair:2   | Reached skill level 10 in Evocations
 20689 | Lair:2   | Reached skill level 1 in Shields
 21085 | Lair:2   | Found the +7 mace of Variability {chain chaos}
 21400 | Lair:2   | Found a staircase to the Snake Pit.
 21756 | Lair:3   | Reached skill level 11 in Fighting
 22846 | Lair:4   | Reached skill level 5 in Shields
 24309 | Lair:6   | Entered Level 6 of the Lair of Beasts
 24353 | Lair:6   | Noticed Nessos
 24372 | Lair:6   | Killed Nessos
 24373 | Lair:6   | Reached XP level 15. HP: 77/107 MP: 15/15
 24643 | Lair:6   | Reached skill level 10 in Axes
 25456 | Lair:6   | Found a staircase to the Slime Pits.
 25457 | Lair:6   | Found a viscous altar of Jiyva.
 26776 | D:12     | Killed Frances
 26910 | D:12     | Found a staircase to the Orcish Mines.
 26995 | Orc:1    | Entered Level 1 of the Orcish Mines
 27270 | Orc:2    | Entered Level 2 of the Orcish Mines
 27300 | Orc:1    | You fall into a shaft and drop 1 floor!
 27300 | Orc:2    | Found Weuso's General Store.
 27315 | Orc:2    | Reached skill level 12 in Fighting
 27367 | Orc:2    | Bought an uncursed amulet of the acrobat for 510 gold
                  | pieces
 27409 | Orc:2    | Noticed an orc warlord
 27660 | Orc:1    | Killed an orc warlord
 28633 | Orc:2    | Found Duodoic's Book Emporium.
 28656 | Orc:2    | Reached XP level 16. HP: 105/114 MP: 16/16
 28806 | Orc:2    | Found Elaaggun's Antique Armour Boutique.
 28814 | Orc:2    | Bought a glowing scarf for 288 gold pieces
 28835 | Orc:2    | Found a staircase to the Elven Halls.
 28851 | Orc:2    | Found Mujemal's Antique Weapon Emporium.
 29075 | Orc:1    | Paralysed by an orc sorcerer for 6 turns
 29078 | Orc:1    | Gained mutation: Scrolls take you a little longer to read.
                  | [a neqoxec]
 29129 | Orc:2    | Lost mutation: Scrolls take you a little longer to read.
                  | [potion of mutation]
 29129 | Orc:2    | Gained mutation: You are agile. (Dex +2) [potion of
                  | mutation]
 29129 | Orc:2    | Gained mutation: Armour fits poorly on your strangely
                  | shaped body. [potion of mutation]
 29129 | Orc:2    | Gained mutation: You are weak. (Str -2) [potion of
                  | mutation]
 29129 | Orc:2    | Gained mutation: You can translocate small distances at
                  | will. [potion of mutation]
 29135 | Orc:2    | Lost mutation: Armour fits poorly on your strangely shaped
                  | body. [potion of mutation]
 29135 | Orc:2    | Lost mutation: You can translocate small distances at will.
                  | [potion of mutation]
 29135 | Orc:2    | Lost mutation: You are weak. (Str -2) [potion of mutation]
 29135 | Orc:2    | Lost mutation: You are agile. (Dex +2) [potion of mutation]
 29135 | Orc:2    | Gained mutation: You are clumsy. (Dex -2) [potion of
                  | mutation]
 29135 | Orc:2    | Gained mutation: You passively map a small area around you.
                  | [potion of mutation]
 29158 | Orc:1    | Gained mutation: You are hated by all. [Ru sacrifice]
 29158 | Orc:1    | Reached ****** piety under Ru
 29725 | D:13     | Found a runed translucent door.
 29823 | D:14     | Reached skill level 10 in Shields
 30988 | D:14     | Found a snail-covered altar of Cheibriados.
 31061 | D:14     | Found a gate to the Vaults.
 31823 | D:15     | Entered Level 15 of the Dungeon
 31823 | D:15     | Found Socemo's Magic Scroll Shop.
 32524 | D:15     | Bought a scroll of fog for 34 gold pieces
 32524 | D:15     | Bought a scroll of magic mapping for 59 gold pieces
 33043 | D:15     | Reached skill level 13 in Fighting
 33238 | D:15     | Found a staircase to the Depths.
 33511 | D:13     | Reached XP level 17. HP: 112/122 MP: 17/17
 33924 | D:13     | Learned a level 1 spell: Apportation
 34917 | D:5      | Killed ruda's ghost
 35110 | Elf:1    | Entered Level 1 of the Elven Halls
 35182 | Elf:1    | HP: 3/120 [deep elf mage/bolt of lightning (29)]
 35182 | Elf:1    | Killed from afar by a deep elf mage

Illustrated notes

Levels and vault maps discovered:
D:1:      psy_arrival_radial01, layout_rooms, grunt_decor_one_mirror,
          eino_curves_04
D:2:      layout_basic, lemuel_crystal_altar
D:3:      layout_basic, nemelex_altar_shiori, marbit_many_paths, uniq_natasha
D:4:      layout_cave_pools, minmay_temple_entry_mist, minmay_hedge_maze,
          minmay_quantized
D:5:      layout_basic, okawaru_altar_gauntlet_db, ebering_ghost_inner_flame
D:6:      layout_loops_corners, tso_altar, nicolae_gozag_seed_capital,
          uniq_maggie
D:7:      layout_basic
D:8:      layout_basic, kiku_gazebo_garden_becter, grunt_temple_overflow_open,
          chequers_mini_garden, uniq_pikel, uniq_erica, uniq_grum
D:9:      layout_gridville, david_lair_shrubbed, serial_shops,
          nicolae_shop_stone, grunt_ministairs_1, grunt_livestock, st_stairs_6,
          ashenzari_altar_1
D:10:     layout_long_grid, nzn_life_drinkers
D:11:     kennysheep_big_flooded_room, layout_irregular_city, st_stairs_6
D:12:     layout_rooms, orc_0_dummy, serial_aquarium, aquarium_bridge_square
          [aquarium_subvault_bridge, aquarium_subvault_bridge,
          aquarium_subvault_wall, aquarium_subvault_wall], aquarium_window_1,
          aquarium_window_1, aquarium_view_2e, aquarium_view_2d,
          minmay_increasing_density, uniq_kirke, uniq_frances
D:13:     layout_loops_cross, minmay_statues_item, minmay_crystal_box
D:14:     layout_layer_cave, erik_vaults_1, old_standard_altar, serial_bayou,
          serial_bayou_ford_a, serial_bayou_shore_a, serial_bayou_crossing,
          serial_bayou_pond_a
D:15:     hangedman_depths_entry_try_elsewhere_first, layout_cave_pools,
          serial_shops, shop, chequers_serial_rivers_micro_a
Lair:1:   layout_concentric_octagons
Lair:2:   kb_forest_paths, layout_chaotic_city,
          minmay_shoals_entry_lonely_mermaid, portal_ice_cave_entry_pillars_1,
          st_stairs_3
Lair:3:   layout_loops_ring
Lair:4:   layout_roguey
Lair:5:   layout_regular_city
Lair:6:   minmay_lair_end_enchanted_forest, layout_long_grid, slime_altar_1,
          minmay_lair_oklob_chamber, lemuel_fruit_tree, wad_woods_river_01,
          infiniplex_staircase_pool_2, uniq_nessos
Orc:1:    layout_caves, special_room [special_room_bee], nicolae_orc_damp_corner
Orc:2:    grunt_orc_gardens, layout_caves, grunt_orc_garden, grunt_orc_garden,
          grunt_orc_garden, grunt_orc_garden
Elf:1:    minmay_elf_arrival_plus, layout_loops_corners, serial_shops,
          nicolae_shop_competitors_out_of_business, minmay_elf_demonology,
          moated_statue

Skill      XL: |  1  2  3  4  5  6  7  8  9 10 11 12 13 14 15 16 17 |
---------------+----------------------------------------------------+-----
Dodging        | 2 3 4 5 6 7 |  7.5
Fighting       | 3 4 5 6 7 8 9 10 11 12 13 | 13.2
Stealth        | 5 6 |  6.9
Evocations     | 1 2 4 5 6 7 8 9 10 | 10.0
Short Blades   | 1 |  1.7
Throwing       | 1 |  1.7
Axes           | 2 4 6 7 8 9 11 12 | 12.2
Armour         | 2 4 5 7 |  7.2
Hexes          | 2 4 6 |  6.6
Shields        | 6 9 11 12 | 12.2

Action                   |  1- 3 |  4- 6 |  7- 9 | 10-12 | 13-15 | 16-18 || total
-------------------------+-------+-------+-------+-------+-------+-------++-------
Melee: Dagger            |    97 |   190 |   341 |     4 |    24 |       ||   656
       Rapier            |       |       |    10 |       |       |       ||    10
       War axe           |       |       |    51 |   376 |  1127 |   604 ||  2158
Throw: Dart              |       |     9 |    36 |     3 |     1 |       ||    49
       Throwing net      |       |       |       |       |     2 |       ||     2
Invok: Sacrifice Health  |       |     1 |       |       |       |       ||     1
       Sacrifice Skill   |       |       |     1 |       |       |       ||     1
       Draw Out Power    |       |       |       |     1 |     4 |     4 ||     9
       Sacrifice Essence |       |       |       |     1 |       |       ||     1
       Reject Sacrifices |       |       |       |     1 |     1 |       ||     2
       Power Leap        |       |       |       |       |     2 |     3 ||     5
       Sacrifice Love    |       |       |       |       |       |     1 ||     1
Evoke: Wand              |       |       |    20 |    34 |    21 |     5 ||    80
  Use: Scroll            |     4 |     5 |     7 |     6 |    19 |     8 ||    49
       Potion            |       |     1 |     7 |     6 |     6 |     7 ||    27
 Stab: Sleeping          |     4 |    10 |    14 |    17 |    19 |     9 ||    73
       Distracted        |       |     1 |     3 |     7 |    14 |     5 ||    30
       Invisible         |       |       |     2 |       |     6 |     3 ||    11
       Paralysed         |       |       |     3 |    18 |    18 |     1 ||    40
       Held in net/web   |       |       |       |       |     1 |       ||     1
Armor: Ring mail         |    48 |    67 |   144 |   143 |    69 |   120 ||   591
       Skin              |       |     2 |       |       |       |       ||     2
       Scale mail        |       |       |       |       |   315 |       ||   315
Dodge: Dodged            |    53 |    98 |   248 |   271 |   394 |   117 ||  1181
Block: Tower shield      |       |       |       |       |   897 |   577 ||  1474
